 Dungeon Crawl Stone Soup version 0.30.1-11-g7821555f0a (webtiles) character file.

Game seed: 13498775942105621988

3544 Peloso the Carver (level 9, -11/79 HPs)
             Began as a Minotaur Fighter on Dec 23, 2023.
             Was a Believer of Okawaru.
             Mangled by a hornet (13 damage)
             ... on level 8 of the Dungeon.
             The game lasted 00:17:35 (7333 turns).

Peloso the Carver (Minotaur Fighter)                Turns: 7333, Time: 00:17:35

Health: -11/79     AC: 15    Str: 21    XL:     9   Next: 83%
Magic:  6/8        EV: 12    Int:  5    God:    Okawaru [**....]
Gold:   264        SH: 12    Dex: 14    Spells: 8/8 levels left

rFire   . . .        a - +2 long sword (protect)
rCold   . . .        d - +0 buckler
rNeg    . . .        E - +0 chain mail
rPois   .            j - +1 hat
rElec   .            (no cloak)
rCorr   .            (no gloves)
SInv    .            c - +0 pair of boots
Will    .....        g - amulet of reflection Stlth
                     (no ring)
HPRegen 0.33/turn    (no ring)
MPRegen 0.11/turn

%: reflection
@: lethally poisoned (-11 -> -18), heroic, slowed, very slow
A: horns 2, retaliatory headbutt
a: Renounce Religion, Heroism


You were on level 8 of the Dungeon.
You worshipped Okawaru.
Okawaru was pleased with you.
You visited 2 branches of the dungeon, and saw 9 of its levels.
You also visited: Sewer and Ossuary.

You collected 459 gold pieces.
You spent 195 gold pieces at shops.

Inventory:

Hand Weapons
 a - a +2 long sword of protection (weapon)
 b - a +0 long sword
Armour
 c - a +0 pair of boots (worn)
 d - a +0 buckler (worn)
 j - a +1 hat (worn)
 C - a +1 scale mail
 E - a +0 chain mail (worn)
Jewellery
 g - an amulet of reflection (around neck)
 s - the amulet "Koepif" {Acrobat +Blink}
   (You found it in a sewer)

   [amulet of the acrobat]

   It increases your evasion while moving and waiting.
   +Blink:    It lets you blink.
 w - a ring of ice
Wands
 v - a wand of mindburst (10)
Scrolls
 f - 3 scrolls of noise
 k - 5 scrolls of teleportation
 m - 5 scrolls of brand weapon
 n - 2 scrolls of enchant weapon
 t - 2 scrolls of identify
 y - a scroll of blinking
 A - 3 scrolls of magic mapping
 B - a scroll of poison
 D - a scroll of silence {unknown}
Potions
 e - 2 potions of flight
 h - a potion of cancellation {unknown}
 i - 3 potions of haste {unknown}
 l - a potion of lignification {unknown}
 o - 4 potions of mutation
 p - 2 potions of attraction {unknown}
 q - 2 potions of berserk rage
 r - a potion of magic
 u - a potion of invisibility {unknown}
 z - 2 potions of heal wounds


   Skills:
 + Level 7.1(12.1) Fighting
 + Level 11.0(16.0) Long Blades
 + Level 8.2(13.2) Armour
 + Level 4.3(9.3) Dodging
 + Level 0.7(5.7) Stealth
 + Level 8.1(13.1) Shields


You had 8 spell levels left.
You didn't know any spells.
Your spell library contained the following spells:

 Spells                   Type           Power      Damage    Failure   Level
 Ensorcelled Hibernation  Hex/Ice        0%         N/A       99%         2
 Passwall                 Tmut/Erth      0%         N/A       99%         2
 Swiftness                Air            0%         N/A       100%        3
 Blade Hands              Tmut           0%         N/A       100%        5
 Conjure Ball Lightning   Conj/Air       0%         3x3d6     100%        6
 Iron Shot                Conj/Erth      0%         9d1       100%        6
 Discord                  Hex            0%         N/A       100%        8
 Disjunction              Tloc           0%         N/A       100%        8
 Animate Armour           Summ/Erth      Unusable   N/A       N/A         4

Dungeon Overview and Level Annotations

Branches:
Dungeon (8/15)             Temple (1/1) D:5           Sewer (visited)
Ossuary (visited)
   Lair: D:8-11

Altars:
Cheibriados
Elyvilon
Fedhas
Gozag
Hepliaklqana
Kikubaaqudgha
Makhleb
Nemelex Xobeh
Okawaru
Qazlal
Ru
Trog
Uskayaw
Vehumet
Wu Jian
Zin
The Shining One

Shops:
D:1 (   D:3 [   D:4 *   D:8 (

Annotations:
Temple 2 transporters


Innate Abilities, Weirdness & Mutations

You have a pair of horns on your head.
You reflexively headbutt those who attack you in melee.


Message History

* * * LOW HITPOINT WARNING * * *
You feel as though you will be slow longer.
You feel sick.
The hornet stings you but does no damage.
The hornet stings you.
* * * LOW HITPOINT WARNING * * *
You are more poisoned.
You feel as though you will be slow longer.
You can move again.
You closely miss the hornet. Your headbutt misses the hornet.
The hornet is lightly wounded.
You feel very sick. You block the hornet's attack.
Unknown command.
You feel better. You block the hornet's attack. x3
You gain the combat prowess of a mighty hero.
You block the hornet's attack. The hornet barely misses you.
You feel yourself speed up. The hornet stings you.
* * * LOW HITPOINT WARNING * * *
You feel yourself slow down. You block the hornet's attack.
Unknown command.
You feel yourself speed up. The hornet stings you.
* * * LOW HITPOINT WARNING * * *
You feel yourself slow down. The hornet barely misses you.
The hornet completely misses you. You furiously retaliate!
You headbutt the hornet!
Unknown command.
The hornet stings you but does no damage.
The hornet stings you!
* * * LOW HITPOINT WARNING * * *
You are lethally poisoned!
You feel as though you will be slow longer.
Unknown command.
* * * LOW HITPOINT WARNING * * *
You feel very sick.
The hornet stings you but does no damage.
The hornet stings you!
You die...

#..................#...#.#### #
#.###.....#.................. #.
#.# #..............#...######
#.###.#####.#.####...#.##.##
#..........(#.####(..#.##.#
......#######..)..........#######
####..# #######.##........##.
#..#############.#####.###>##.
#............@.#. #.# #.##.
.......##########y..[..(..# #.##.
.......# .#.####### #.##.
####.... .# # #.##. #..... .#
#.##. #...... .# #.#.. .......#
.# #.... ####....# .# ###.. ##.


You could see a hornet.

Vanquished Creatures
  3 dream sheep (D:8)
  2 steam dragons (D:7)
  A water moccasin (D:7)
  An orc warrior (D:8)
  A centaur (D:5)
  2 ogres
  2 phantoms
  2 kobold brigands (D:7)
  2 bullfrogs (Sewer)
  6 scorpions
  2 water moccasin zombies (Ossuary)
  3 wights (D:8)
  A howler monkey (D:7)
  A bullfrog zombie (Ossuary)
  2 centaur zombies (Ossuary)
  2 orc priests
  4 hounds
  2 human zombies (Ossuary)
  A jelly (D:6)
  4 gnoll boudas
  5 sleepcaps
  An iguana (D:5)
  4 orc wizards
  An ogre zombie (Ossuary)
  A mummy (Ossuary)
  Robin (D:4)
  16 gnolls
  11 adders
  3 white imps
  5 adder zombies (Ossuary)
  A worm (D:5)
  2 dart slugs (D:1)
  12 orcs
  17 endoplasms
  18 giant cockroaches
  9 hobgoblins
  13 quokkas
  13 ball pythons
  6 bats
  10 frilled lizards
  22 goblins
  4 goblin zombies (Ossuary)
  2 hobgoblin zombies (Ossuary)
  16 kobolds
  2 orc zombies (Ossuary)
  4 rats
243 creatures vanquished.

Vanquished Creatures (others)
  2 kobolds (D:7)
2 creatures vanquished.

Grand Total: 245 creatures vanquished

Notes
Turn   | Place    | Note
-------+----------+-------------------------------------------
     0 | D:1      | Peloso the Minotaur Fighter began the quest for the Orb.
     0 | D:1      | Reached XP level 1. HP: 19/19 MP: 0/0
    52 | D:1      | Reached XP level 2. HP: 27/27 MP: 1/1
   465 | D:1      | Reached XP level 3. HP: 28/33 MP: 2/2
   516 | D:1      | Noticed a +0 demon whip
   517 | D:1      | Found Dologoigek's Weapon Shoppe.
   517 | D:1      | Noticed a +0 demon trident
   713 | D:1      | Found a faded altar of an unknown god.
   845 | D:1      | Reached skill level 3 in Long Blades
   911 | D:2      | Noticed a phantom
   921 | D:2      | Killed a phantom
   922 | D:2      | Reached skill level 4 in Long Blades
   922 | D:2      | Reached XP level 4. HP: 31/40 MP: 3/3
   998 | D:2      | Reached XP level 5. HP: 41/46 MP: 4/4
  1113 | D:2      | Reached skill level 1 in Dodging
  1369 | D:2      | Found a glowing silver altar of Zin.
  1833 | D:3      | Found a white marble altar of Elyvilon.
  2015 | D:3      | Found a stormy altar of Qazlal.
  2182 | D:3      | Found Boroises's Antique Armour Shop.
  2197 | D:3      | Found a hide-covered altar of Uskayaw.
  2268 | D:3      | Found a glowing golden altar of the Shining One.
  2426 | D:3      | Found a burning altar of Makhleb.
  2480 | D:4      | Noticed an ogre
  2482 | D:4      | Found a sand-covered staircase.
  2496 | D:4      | Killed an ogre
  2497 | D:4      | Reached skill level 5 in Long Blades
  2497 | D:4      | Reached skill level 5 in Armour
  2497 | D:4      | Reached XP level 6. HP: 29/53 MP: 5/5
  2501 | D:4      | Noticed Robin
  2505 | D:4      | Killed Robin
  2508 | D:4      | HP: 2/79 [hobgoblin[Robin] (5)]
  2670 | Ossuary  | Entered an ossuary
  2791 | Ossuary  | Reached skill level 6 in Long Blades
  2850 | Ossuary  | Reached XP level 7. HP: 53/60 MP: 6/6
  2899 | Ossuary  | Reached skill level 5 in Shields
  2958 | Ossuary  | Noticed a silent spectre
  3103 | D:4      | Found an opulent altar of Gozag.
  3244 | D:4      | Reached skill level 5 in Fighting
  3272 | D:4      | Reached skill level 7 in Long Blades
  3365 | D:4      | Found Bares Fyo's Fire Supplies.
  3659 | D:5      | Entered Level 5 of the Dungeon
  3763 | D:5      | Reached XP level 8. HP: 47/69 MP: 7/7
  3864 | D:5      | Reached skill level 8 in Long Blades
  3872 | D:5      | Identified the +5 mace of Sunlight {freeze, Fragile +Blink
                  | rN+++ Stlth-}
  3958 | D:5      | Found a glowing drain.
  3962 | Sewer    | Entered a sewer
  4340 | Sewer    | Identified the amulet "Koepif" {Acrobat +Blink}
  4712 | D:5      | Found a staircase to the Ecumenical Temple.
  4889 | Temple   | Entered the Ecumenical Temple
  4889 | Temple   | Found a transporter.
  4889 | Temple   | Found a transporter.
  4891 | Temple   | Found a transporter.
  4891 | Temple   | Found a transporter.
  4905 | Temple   | Became a worshipper of Warmaster Okawaru
  5412 | D:6      | Reached skill level 9 in Long Blades
  5698 | D:6      | Found a sparkling altar of Nemelex Xobeh.
  5838 | D:7      | Reached * piety under Okawaru
  5839 | D:7      | Reached XP level 9. HP: 28/75 MP: 8/8
  6029 | D:7      | Found an ornate altar of the Wu Jian Council.
  6401 | D:7      | Reached skill level 10 in Long Blades
  6646 | D:7      | Reached ** piety under Okawaru
  6684 | D:7      | Found a blossoming altar of Fedhas.
  6759 | D:8      | Found Ubu Zie's Antique Weapon Shoppe.
  6815 | D:8      | Bought a glowing long sword for 195 gold pieces
  7085 | D:8      | Reached skill level 11 in Long Blades
  7319 | D:8      | Paralysed by a hornet for 3 turns
  7324 | D:8      | Paralysed by a hornet for 3 turns
  7333 | D:8      | HP: 2/79 [poisoned by a hornet]
  7333 | D:8      | Mangled by a hornet

Illustrated notes

Levels and vault maps discovered:
D:1:      lemuel_arrival_lava_pool, layout_basic,
          ebering_ecumenical_altar_abandoned, serial_shops,
          nicolae_shop_mannequins, minmay_fountain_box, hex_medium
D:2:      layout_loops_ring, basic_altar
D:3:      layout_loops_ring, nicolae_qazlal_scattered_showers,
          lightli_temple_of_fire, tso_metal_star,
          mainiacjoe_overflow_surrounded_room, eat_drink_and_be_merry_uskayaw,
          serial_shops, shop
D:4:      layout_cave_pools, kennysheep_mini_moat, nicolae_ossuary_entry_ruins,
          minmay_tree_intersection, nicolae_shop_fire_sale
          [nicolae_sub_dead_trees], uniq_robin
D:5:      layout_cave_pools, minmay_temple_entry_statues_pillars,
          gup_sewer_entry_bowl, hellmonk_no_cap
D:6:      layout_cave_pools, marbit_many_paths
D:7:      layout_rooms, nicolae_overflow_hidden_temple,
          nicolae_overflow_crystal_walls, hangedman_abyss_or_decor_passed
D:8:      layout_loops_ring, mainiacjoe_overflow_tiny_flanked, serial_shops,
          shop, dreamdust_gnoll_shepherd
Temple:   hellmonk_temple_divided_pantheon

Skill      XL: |  1  2  3  4  5  6  7  8  9 |
---------------+----------------------------+-----
Armour         | 4 5 6 7 8 |  8.2
Shields        | 4 5 6 8 |  8.1
Fighting       | 4 5 6 7 |  7.1
Long Blades    | 4 5 6 7 9 11 | 11.0
Dodging        | 1 2 3 4 |  4.3
Stealth        | |  0.7

Action                     |  1- 3 |  4- 6 |  7- 9 || total
---------------------------+-------+-------+-------++-------
  Melee: Long sword        |    64 |   175 |   438 ||   677
         Headbutt          |     7 |    38 |   107 ||   152
 Invoke: Heroism           |       |       |     2 ||     2
  Evoke: Wand              |       |       |     1 ||     1
    Use: Potion            |     2 |     5 |     3 ||    10
         Scroll            |       |     4 |    10 ||    14
 Armour: Scale mail        |    34 |    88 |   145 ||   267
         Chain mail        |       |       |     6 ||     6
  Dodge: Dodged            |    28 |    92 |   201 ||   321
  Block: Buckler           |    12 |    40 |   177 ||   229
         Reflection        |       |       |     4 ||     4
